 Dungeon Crawl Stone Soup version 0.30.0-15-g856e2d3f33 (webtiles) character file.

Game seed: 2572058131139169420

157098 NateTC the Slayer (level 17, -2/126 HPs)
             Began as a Gargoyle Fighter on May 19, 2023.
             Was an Initiate of Gozag.
             Blown up by a lich (43 damage)
             ... with a wavering orb of destruction
             ... on level 4 of the Abyss.
             The game lasted 01:00:00 (30404 turns).

NateTC the Slayer (Gargoyle Fighter)               Turns: 30404, Time: 01:00:00

Health: -2/126     AC: 26    Str: 31    XL:     17   Next: 68%
Magic:  17/17      EV: 13    Int: 10    God:    Gozag
Gold:   154        SH: 21    Dex:  5    Spells: 16/16 levels left

rFire   + . .        B - +8 morningstar (vamp)
rCold   + + .        J - +6 tower shield {rC+}
rNeg    + . .        G - +6 plate armour of the First Underlurkers {rElec Str+4 Dex-4}
rPois   ∞            i - +2 helmet {SInv}
rElec   +            (no cloak)
rCorr   +            f - +2 pair of gloves
SInv    +            b - +0 pair of boots
Will    ++...        L - amulet of regeneration Stlth
                     l - +5 ring of evasion
HPRegen 1.21/turn    z - ring of willpower
MPRegen 0.15/turn

%: no passive effects
@: resistant, corroded, on berserk cooldown, flying, hasted and slowed
A: sickness immunity, AC +12, big wings, negative energy resistance 1,
electricity resistance, torment resistance 1, petrification resistance, deformed
body
a: Renounce Religion, Potion Petition, Call Merchant, Bribe Branch


You were on level 4 of the Abyss.
You worshipped Gozag.
Gozag was aware of your devotion.
You visited 5 branches of the dungeon, and saw 28 of its levels.
You visited the Abyss 1 time.
You also visited: Ossuary, Bailey and Gauntlet.

You collected 7471 gold pieces.
You spent 4472 gold pieces at shops.
You paid 2845 gold pieces to Gozag.

Inventory:

Hand Weapons
 B - a +8 vampiric morningstar (weapon)
Armour
 b - a +0 pair of boots (worn)
 f - a +2 pair of gloves (worn)
 i - a +2 helmet of see invisible (worn)
 G - the +6 plate armour of the First Underlurkers (worn) {rElec Str+4 Dex-4}
   (You found it on level 9 of the Dungeon)

   Str:       It affects your strength (+4).
   Dex:       It affects your dexterity (-4).
   rElec:     It insulates you from electricity.
 J - a +6 tower shield of cold resistance (worn)
Jewellery
 d - a ring of protection from cold
 e - the ring "Veaqinot" {rCorr Stlth+}
   (You found it on level 6 of the Dungeon)

   [ring of resist corrosion]

   rCorr:     It protects you from acid and corrosion.
   Stlth:     It makes you more stealthy.
 l - a +5 ring of evasion (left hand)
 q - a ring of positive energy
 z - a ring of willpower (right hand)
 A - a ring of willpower
 C - the necklace of Bloodlust {Fury *Rage Will++ Int-3 Slay+6}
   (You found it on level 8 of the Dungeon)

   [amulet of nothing]

   Fury:      It extends the wearer's berserk rage when killing foes.
   Int:       It affects your intelligence (-3).
   Slay:      It affects your accuracy & damage with ranged weapons and melee
   (+6).
   *Rage:     It berserks you when you make melee attacks (+50% chance).
   Will:      It greatly increases your willpower.
 F - a +4 ring of protection
 L - an amulet of regeneration (around neck)
 M - a +6 ring of dexterity
 Q - the amulet of Rationality {Acrobat Rampage Str+2 Int-5 Dex+3}
   (You found it on level 5 of the Lair of Beasts)

   [amulet of the acrobat]

   It increases your evasion while moving and waiting.
   Str:       It affects your strength (+2).
   Int:       It affects your intelligence (-5).
   Dex:       It affects your dexterity (+3).
   Rampage:   It bestows one free step when moving towards enemies.
 V - a ring of willpower
 W - a ring of protection from fire
Wands
 k - a wand of light (11)
 p - a wand of mindburst (14)
 v - a wand of roots (23)
 y - a wand of polymorph (16)
 O - a wand of paralysis (27)
 R - a wand of digging (4)
Scrolls
 a - 14 scrolls of teleportation
 n - 13 scrolls of identify
 s - 2 scrolls of blinking
 w - a scroll of summoning
 x - 6 scrolls of fog
 D - 2 scrolls of magic mapping
 H - 6 scrolls of immolation
 I - 5 scrolls of fear
 P - 2 scrolls of poison
 U - a scroll of enchant weapon
 X - 3 scrolls of amnesia
Potions
 g - 3 potions of haste
 h - 4 potions of berserk rage
 j - 5 potions of lignification
 o - 9 potions of mutation
 r - 22 potions of curing
 t - a potion of ambrosia
 u - 2 potions of cancellation
 E - a potion of resistance
 N - 4 potions of might
 S - 2 potions of attraction
 T - 2 potions of invisibility
Miscellaneous
 c - a lightning rod (4/4)
 m - a tin of tremorstones (1/2)
 K - a box of beasts
 Y - a phial of floods
 Z - a phantom mirror


   Skills:
 * Level 21.1 Fighting
 - Level 16.0 Maces & Flails
 - Level 13.4 Armour
 - Level 5.0 Dodging
 - Level 13.7 Shields
 - Level 7.0 Evocations


You had 16 spell levels left.
You didn't know any spells.
Your spell library contained the following spells:

 Spells                   Type           Power      Damage    Failure   Level
 Beastly Appendage        Tmut           0%         N/A       99%         1
 Magic Dart               Conj           0%         1d3       99%         1
 Sting                    Tmut/Pois      0%         1d3       99%         1
 Summon Small Mammal      Summ           0%         N/A       99%         1
 Ensorcelled Hibernation  Hex/Ice        0%         N/A       100%        2
 Lesser Beckoning         Tloc           0%         N/A       100%        2
 Passwall                 Tmut/Erth      0%         N/A       100%        2
 Poisonous Vapours        Pois/Air       0%         N/A       100%        2
 Searing Ray              Conj           0%         2d4       100%        2
 Wereblood                Tmut           0%         N/A       100%        2
 Call Canine Familiar     Summ           0%         N/A       100%        3
 Gell's Gravitas          Tloc           0%         N/A       100%        3
 Hailstorm                Conj/Ice       0%         3d3       100%        3
 Mephitic Cloud           Conj/Pois/Air  0%         N/A       100%        3
 Spider Form              Tmut/Pois      0%         N/A       100%        3
 Summon Guardian Golem    Hex/Summ       0%         N/A       100%        3
 Swiftness                Air            0%         N/A       100%        3
 Teleport Other           Tloc           0%         N/A       100%        3
 Anguish                  Hex/Necr       0%         N/A       100%        4
 Fulminant Prism          Conj/Hex       0%         3d5       100%        4
 Ice Form                 Ice/Tmut       0%         N/A       100%        4
 Olgreb's Toxic Radiance  Pois           0%         N/A       100%        4
 Passage of Golubria      Tloc           0%         N/A       100%        4
 Alistair's Intoxication  Tmut/Pois      0%         N/A       100%        5
 Borgnjor's Vile Clutch   Necr/Erth      0%         N/A       100%        5
 Freezing Cloud           Conj/Ice/Air   0%         6-21      100%        5
 Silence                  Hex/Air        0%         N/A       100%        5
 Eringya's Noxious Bog    Tmut/Pois      0%         N/A       100%        6
 Lehudib's Crystal Spear  Conj/Erth      0%         10d2      100%        8
 Simulacrum               Ice/Necr       Unusable   N/A       N/A         6

Dungeon Overview and Level Annotations

Branches:
Dungeon (15/15) Zot: 25773  Temple (1/1) D:5 Zot: 5777    Lair (5/5) D:10 Zot: 22860
 Shoals (3/4) Lair:3 Zot: 16296  Spider (4/4) Lair:3 Zot: 19469   Slime (0/5) Lair:4
    Orc (0/2) D:10         Vaults (0/5) D:14         Depths (0/4) D:15
Ossuary (visited)          Bailey (visited)         Gauntlet (visited)

Altars:
Ashenzari
Cheibriados
Dithmenos
Elyvilon
Fedhas
Gozag
Hepliaklqana
Kikubaaqudgha
Makhleb
Nemelex Xobeh
Okawaru
Qazlal
Ru
Sif Muna
Trog
Uskayaw
Vehumet
Wu Jian
Xom
Yredelemnul
Zin
The Shining One
Jiyva

Shops:
D:3 =[([   D:10 (*!!   D:13 *?:=   Lair:3 *   Shoals:1 =[[

Annotations:
D:8 2 transporters
D:10 2 transporters


Innate Abilities, Weirdness & Mutations

You are immune to sickness and miasma.
Your stone body is resilient. (AC +12)
You are immune to poison.
Your large and strong wings let you fly.
You resist negative energy. (rN+)
You are resistant to electric shocks. (rElec)
You are resistant to unholy torment.
You are immune to petrification.
Armour fits poorly on your strangely shaped body.


Message History

The acid corrodes you!
You impale the ancient lich!!
You destroy the ancient lich!
Your Fighting skill increases to level 21!
You hit the fire bat.
The fire bat is lightly wounded.
You block the fire bat's attack. x2
You barely miss the fire bat.
The fire bat is lightly wounded.
You block the fire bat's attack. The fire bat barely misses you.
You barely miss the fire bat.
The fire bat is lightly wounded.
The fire bat bites you but does no damage.
You block the fire bat's attack.
The fire bat bites you but does no damage. x2
You puncture the fire bat!
You feel better.
The fire bat is almost dead.
You block the fire bat's attack.
You puncture the fire bat!
You feel better.
You kill the fire bat!
You are no longer berserk.
You are exhausted.
You feel yourself slow down.
You are suddenly pulled into a different region of the Abyss!
The abyss shimmers again as the detected abyssal rune vanishes from your memory.
You start resting.
A lich is nearby!
You feel better.
The lich launches a ball of destructive magic.
An orb of destruction comes into view.
Okay, then. [a] - 540 gold - haste and resistance [b] - 484 gold - invisibility, might and resistance [c] - 200 gold - haste Purchase which effect?
You no longer have enough gold to petition Gozag for potion effects.
You feel yourself speed up.
You feel protected.
The wavering orb of destruction hits you!!!
You die...

.# . . ~#. ##.
. ..# #..#
#.~~~# ...#
.#... #.. ..~~
##.##..####.
#..@#..~...#
#.##○L# ##.#
#...#
#.....~~..~
#......~~≈≈.
#....#.~~~≈#
#.#......~#...
..#.##.#.~~###.


You could see a lich (fast, invisible).

Vanquished Creatures
  An ancient lich (Abyss:4)
  A sphinx (D:14)
  A kraken (Shoals:2)
  A tentacled starspawn (Abyss:3)
  Gastronok (D:9)
  A storm dragon (D:14)
  Kirke (Lair:5)
  3 ghost moths
  3 broodmothers (Spider:3)
  A very ugly thing (Abyss:3)
  A minotaur (Gauntlet)
  3 dire elephants (Lair:5)
  2 spark wasps
  An ettin (D:14)
  Josephine (Lair:3)
  A merfolk impaler (Shoals:2)
  A fire dragon (D:15)
  2 ice dragons
  Fannar (D:11)
  4 entropy weavers (Spider:3)
  Harold (D:10)
  The ghost of BillyBaka the Basher, a journeyman GrFi of Gozag (D:12)
  A rakshasa (D:15)
  A radroach (Spider:2)
  An ogre mage (D:14)
  3 catoblepae
  9 hydras
  A jorogumo (Spider:3)
  4 centaur warriors
  5 two-headed ogres
  A merfolk avatar (Shoals:1)
  5 boulder beetles
  3 death scarabs
  A death yak (Lair:2)
  2 tengu warriors
  A spectral dire elephant (Lair:5)
  A fire crab (Gauntlet)
  5 skysharks
  Amaemon (Lair:3)
  A sixfirhy (Abyss:3)
  A spectral death yak (Gauntlet)
  A sun moth (Spider:4)
  Sonja (Lair:3)
  6 pharaoh ants
  3 sea snakes
  5 skeletal warriors (D:12)
  A spectral anaconda (Lair:5)
  5 orb spiders
  A swamp dragon (shapeshifter) (D:14)
  2 deep trolls
  An obsidian statue (Lair:5)
  A spectral hydra (Gauntlet)
  A glowing orange brain (D:14)
  6 steelbarb worms
  3 necromancers (Lair:5)
  A phantasmal warrior (D:14)
  13 wolf spiders
  A deep elf zephyrmancer (D:14)
  A wizard (D:14)
  8 harpies
  2 orc knights (Bailey)
  5 cyclopes
  An ugly thing (D:12)
  3 fauns (Shoals:1)
  10 manticores
  4 merfolk sirens
  8 elephants (Lair:5)
  A moth of wrath (Spider:3)
  5 black mambas
  Maurice (D:9)
  A moth of wrath (shapeshifter) (D:14)
  An orange demon (Lair:3)
  8 torpor snails
  2 water nymphs
  9 demonic crawlers
  2 dire elephant zombies (Lair:5)
  A gargoyle (D:10)
  11 cane toads
  2 minotaur zombies (Gauntlet)
  3 kobold demonologists (D:11)
  An efreet (D:14)
  4 rime drakes
  An unseen horror (shapeshifter) (D:14)
  9 komodo dragons
  2 trolls
  7 meliai
  4 merfolk
  A tengu conjurer (D:15)
  7 polar bears
  A wind drake (Shoals:2)
  2 hornets (D:11)
  20 blink frogs
  13 tarantellas
  A spectral elephant (Lair:5)
  2 raiju (Abyss:3)
  A snapping turtle (Lair:3)
  8 slime creatures (D:14)
  33 jumping spiders
  28 yaks
  13 culicivoras
  A jumping spider (shapeshifter) (D:14)
  2 shadows
  4 wyverns
  9 fire bats
  A vampire (D:13)
  7 wraiths
  5 basilisks
  A yak (shapeshifter) (D:14)
  A death yak simulacrum (Lair:5)
  A redback (shapeshifter) (D:14)
  A steam dragon (D:6)
  A vampire mosquito (Spider:1)
  43 redbacks
  A basilisk (shapeshifter) (D:14)
  A small abomination (Abyss:3)
  2 wargs (D:10)
  3 acid dragons
  9 water moccasins
  5 spectral cane toads (Lair:5)
  2 hell hounds (Gauntlet)
  4 orc warriors
  An ice beast (D:7)
  A black bear (D:10)
  A sky beast (D:6)
  An ogre (D:6)
  4 centaurs
  2 phantoms
  15 kobold brigands
  An elf zombie (Ossuary)
  22 bullfrogs
  A gnoll sergeant (D:10)
  3 scorpions
  2 cane toad simulacra (Lair:5)
  A two-headed ogre simulacrum (D:12)
  11 wights
  2 elephant simulacra
  12 killer bees
  3 howler monkeys
  8 electric eels
  A crimson imp (D:9)
  4 centaur zombies (Ossuary)
  2 human zombies (Ossuary)
  A gnoll bouda (D:6)
  3 orc priests
  A hound (D:5)
  2 jellies (D:5)
  Terence (D:2)
  3 sleepcaps
  An iguana (D:5)
  16 orc wizards
  A polar bear simulacrum (D:12)
  4 spriggan simulacra (D:12)
  2 mummies (Ossuary)
  Robin (D:2)
  8 gnolls
  A naga simulacrum (D:12)
  10 adders
  A white imp (D:7)
  2 ufetubi
  2 worms
  A dart slug (D:6)
  25 orcs
  6 endoplasms
  2 giant cockroaches
  14 goblins
  9 hobgoblins
  8 jackals (D:1)
  33 kobolds
  2 quokkas (D:1)
  2 ball pythons
  3 bats
  2 frilled lizards
  9 hobgoblin zombies (Ossuary)
  6 kobold zombies (Ossuary)
  11 orc zombies (Ossuary)
  6 rats
  3 rat zombies (Ossuary)
  4 tentacles (Shoals:2)
787 creatures vanquished.

Vanquished Creatures (others)
  A wizard (D:15)
  A tarantella (Spider:4)
  A culicivora (Spider:2)
  A human (Lair:5)
  A water moccasin (Lair:5)
  2 starspawn tentacles (Abyss:3)
  4 tentacles (Shoals:2)
11 creatures vanquished.

Grand Total: 798 creatures vanquished

Notes
Turn   | Place    | Note
-------+----------+-------------------------------------------
     0 | D:1      | NateTC the Gargoyle Fighter began the quest for the Orb.
     0 | D:1      | Reached XP level 1. HP: 14/14 MP: 1/1
   146 | D:1      | Reached XP level 2. HP: 17/19 MP: 2/2
   812 | D:2      | Reached XP level 3. HP: 20/23 MP: 3/3
   836 | D:2      | Noticed Terence
   851 | D:2      | Killed Terence
   852 | D:2      | Reached XP level 4. HP: 13/28 MP: 4/4
   971 | D:2      | Noticed Robin
   986 | D:2      | Killed Robin
  1181 | D:2      | Found a faded altar of an unknown god.
  1196 | D:2      | Reached skill level 5 in Maces & Flails
  1196 | D:2      | Reached XP level 5. HP: 27/32 MP: 5/5
  1785 | D:3      | Found Xetyon's Armour Shop.
  1806 | D:3      | Found Asmualleig's Jewellery Shop.
  2034 | D:3      | Found Moynamaosys's Antique Weapon Shoppe.
  2044 | D:3      | Bought a morningstar for 88 gold pieces
  2126 | D:3      | Reached XP level 6. HP: 37/37 MP: 6/6
  2318 | D:3      | Found Paocen's Antique Armour Shoppe.
  2455 | D:4      | HP: 1/37 [something/puff of flame (12)]
  2697 | D:4      | Found an ornate altar of the Wu Jian Council.
  3306 | D:4      | Reached skill level 4 in Fighting
  3588 | D:3      | Found a shimmering blue altar of Sif Muna.
  3633 | D:5      | Entered Level 5 of the Dungeon
  3793 | D:5      | Reached skill level 5 in Fighting
  3793 | D:5      | Reached XP level 7. HP: 40/44 MP: 7/7
  3795 | D:5      | Found a staircase to the Ecumenical Temple.
  3829 | Temple   | Entered the Ecumenical Temple
  4115 | D:5      | Reached skill level 6 in Fighting
  4160 | D:5      | Reached skill level 7 in Fighting
  4166 | D:5      | Reached XP level 8. HP: 17/53 MP: 8/8
  4285 | D:5      | Found a sand-covered staircase.
  4295 | Ossuary  | Entered an ossuary
  4388 | Ossuary  | Reached skill level 8 in Fighting
  4894 | D:6      | Found Zin's Purification Station.
  4908 | D:6      | Found a glowing silver altar of Zin.
  4923 | D:6      | Bought a potion of curing for 90 gold pieces
  4941 | D:6      | Found a basalt altar of Yredelemnul.
  5397 | D:6      | Identified the ring "Veaqinot" {rCorr Stlth+}
  5637 | D:6      | Found a snail-covered altar of Cheibriados.
  5831 | D:7      | Reached XP level 9. HP: 32/60 MP: 9/9
  6379 | D:7      | Reached skill level 10 in Maces & Flails
  7342 | D:8      | Noticed a deep troll
  7344 | D:8      | Found the necklace of Bloodlust {Fury *Rage Will++ Int-3
                  | Slay+6}
  7354 | D:8      | Killed a deep troll
  7355 | D:8      | Reached XP level 10. HP: 7/65 MP: 10/10
  7579 | D:8      | Reached skill level 5 in Shields
  7584 | D:8      | Reached skill level 5 in Armour
  7710 | D:8      | Found a glowing golden altar of the Shining One.
  7710 | D:8      | Found a blossoming altar of Fedhas.
  7710 | D:8      | Found a sacrificial altar of Ru.
  7712 | D:8      | Noticed a cyclops
  7715 | D:8      | Found a transporter.
  7725 | D:8      | Found a transporter.
  7733 | D:8      | Noticed a cyclops
  7739 | D:8      | a cyclops changed into an eye of devastation
  7739 | D:8      | Noticed an eye of devastation (shapeshifter)
  7741 | D:8      | an eye of devastation changed into a jumping spider
  7886 | D:8      | Noticed an entropy weaver
  7899 | D:8      | an entropy weaver changed into a raiju
  7931 | D:9      | Noticed a two-headed ogre
  7936 | D:9      | Killed a two-headed ogre
  7937 | D:9      | Noticed Gastronok
  7947 | D:9      | Killed Gastronok
  7955 | D:9      | Reached XP level 11. HP: 59/69 MP: 11/11
  7995 | D:9      | Found a flagged portal.
  8071 | Bailey   | Entered a bailey
  8155 | Bailey   | Noticed an orc knight
  8166 | Bailey   | Killed an orc knight
  8214 | Bailey   | Found a bloodstained altar of Trog.
  8214 | Bailey   | Noticed an orc knight
  8223 | Bailey   | Killed an orc knight
  8235 | Bailey   | Identified the +0 leather armour of Fezit {Fly Dex+6}
  8420 | D:9      | Noticed Maurice
  8436 | D:9      | Killed Maurice
  8529 | D:9      | Identified the +6 plate armour of the First Underlurkers
                  | {rElec Str+4 Dex-4}
  8926 | D:9      | Noticed a two-headed ogre
  8935 | D:9      | Killed a two-headed ogre
  9122 | D:9      | Found a shimmering altar of Xom.
  9122 | D:9      | Found a burning altar of Makhleb.
  9228 | D:10     | Entered Level 10 of the Dungeon
  9304 | D:10     | Found Siurogag's Weapon Boutique.
  9311 | D:10     | Found a transporter.
  9317 | D:10     | Found a viscous altar of Jiyva.
  9322 | D:10     | Noticed Harold
  9333 | D:10     | Killed Harold
  9352 | D:10     | Found a transporter.
  9354 | D:10     | Noticed a great orb of eyes
  9391 | D:10     | Found a staircase to the Lair.
  9413 | D:10     | Found Paothuto's Distillery.
  9522 | D:10     | Found Pingofol's Assorted Antiques.
  9528 | D:10     | Bought a shiny tower shield for 187 gold pieces
  9604 | D:10     | Found Ypsut's Distillery.
  9637 | D:10     | Found a staircase to the Orcish Mines.
  9805 | D:10     | Found an opulent altar of Gozag.
  9868 | D:10     | Became a worshipper of Gozag Ym Sagoz the Greedy
 10265 | Lair:1   | Entered Level 1 of the Lair of Beasts
 10304 | Lair:1   | Noticed a seven-headed hydra
 10320 | Lair:1   | Killed a seven-headed hydra
 10334 | D:10     | Reached XP level 12. HP: 17/75 MP: 12/12
 10654 | Lair:1   | Found the +4 skin of Zhor {*Englaciate rC+++ SInv}
 10793 | Lair:1   | Reached skill level 10 in Shields
 11529 | Lair:2   | Noticed a death yak
 11542 | Lair:2   | Killed a death yak
 11683 | Lair:2   | Noticed a boulder beetle
 11692 | Lair:2   | Killed a boulder beetle
 12128 | Lair:2   | Noticed a five-headed hydra
 12356 | Lair:2   | Reached skill level 15 in Maces & Flails
 12854 | Lair:2   | Killed a five-headed hydra
 13060 | Lair:3   | Noticed a four-headed hydra
 13066 | Lair:3   | Killed a four-headed hydra
 13252 | Lair:3   | Reached XP level 13. HP: 79/79 MP: 13/13
 13292 | Lair:3   | Noticed Josephine
 13300 | Lair:3   | Killed Josephine
 13431 | Lair:3   | Found a hole to the Spider Nest.
 13579 | Lair:3   | Noticed Sonja
 13584 | Lair:3   | Noticed Amaemon
 13586 | Lair:3   | Killed Sonja
 13595 | Lair:3   | Killed Amaemon
 13964 | Lair:3   | Found a staircase to the Shoals.
 14335 | Lair:4   | Reached skill level 9 in Fighting
 14388 | Lair:4   | Found a staircase to the Slime Pits.
 14388 | Lair:4   | Found a viscous altar of Jiyva.
 14857 | Lair:4   | Reached skill level 10 in Fighting
 15211 | Lair:5   | Entered Level 5 of the Lair of Beasts
 15211 | Lair:5   | Noticed Kirke
 15217 | Lair:5   | Killed Kirke
 15361 | Lair:5   | Reached skill level 10 in Armour
 15434 | Lair:5   | Reached skill level 11 in Fighting
 15459 | Lair:5   | Gained mutation: Your large and strong wings let you fly.
                  | [Gargoyle growth]
 15459 | Lair:5   | Reached XP level 14. HP: 90/90 MP: 14/14
 15807 | Lair:5   | Reached skill level 12 in Fighting
 16217 | Lair:5   | Noticed a dire elephant
 16217 | Lair:5   | Noticed a dire elephant
 16221 | Lair:5   | Noticed a dire elephant
 16311 | Lair:5   | Killed a dire elephant
 16322 | Lair:5   | Killed a dire elephant
 16331 | Lair:5   | Killed a dire elephant
 16332 | Lair:5   | Reached skill level 13 in Fighting
 16465 | Lair:5   | Identified the amulet of Rationality {Acrobat Rampage Str+2
                  | Int-5 Dex+3}
 16528 | Lair:5   | Gained mutation: Armour fits poorly on your strangely
                  | shaped body. [a neqoxec]
 17108 | D:11     | Found an opulent altar of Gozag.
 17215 | D:11     | Noticed Fannar
 17229 | D:11     | Killed Fannar
 17538 | D:11     | Reached skill level 14 in Fighting
 18031 | D:12     | Found a gate leading to a gauntlet.
 18092 | Gauntlet | Entered a Gauntlet
 18092 | Gauntlet | Found a transporter.
 18092 | Gauntlet | Found a transporter.
 18092 | Gauntlet | Found a transporter.
 18181 | Gauntlet | Found a transporter.
 18182 | Gauntlet | Found a transporter.
 18187 | Gauntlet | Found a transporter.
 18194 | Gauntlet | Found a transporter.
 18195 | Gauntlet | Found a transporter.
 18195 | Gauntlet | Found a transporter.
 18196 | Gauntlet | Found a transporter.
 18204 | Gauntlet | Found a transporter.
 18204 | Gauntlet | Found a transporter.
 18392 | Gauntlet | Reached XP level 15. HP: 101/101 MP: 15/15
 18600 | Gauntlet | Reached skill level 15 in Fighting
 18818 | D:12     | Found a runed translucent door.
 18818 | D:12     | Noticed BillyBaka's ghost (journeyman GrFi)
 18883 | D:12     | Killed BillyBaka's ghost
 18906 | D:12     | Identified the staff of air "Pegank" {*Corrode Fly rElec
                  | rPois Str+6}
 19678 | D:3      | Bought the +3 warlock's mirror {omnireflect} for 1200 gold
                  | pieces
 19678 | D:3      | Found the +3 warlock's mirror {omnireflect}
 19946 | D:13     | Found Zeonnu's Book Shop.
 20385 | D:13     | Found Vagiss's Assorted Antiques.
 20393 | D:13     | Bought a scroll of teleportation for 81 gold pieces
 20393 | D:13     | Bought a wand of roots (3) for 194 gold pieces
 20447 | D:13     | Found Xulihat's Magic Scroll Emporium.
 20450 | D:13     | Bought a scroll of brand weapon for 133 gold pieces
 20450 | D:13     | Bought a scroll of magic mapping for 105 gold pieces
 20450 | D:13     | Bought a scroll of blinking for 105 gold pieces
 20450 | D:13     | Bought a scroll of fear for 56 gold pieces
 20450 | D:13     | Bought a scroll of enchant weapon for 105 gold pieces
 20450 | D:13     | Bought a scroll of teleportation for 42 gold pieces
 20888 | D:13     | Found Xidokkon's Jewellery Shop.
 21314 | D:14     | Noticed a sphinx
 21332 | D:14     | Killed a sphinx
 21333 | D:14     | Reached skill level 16 in Fighting
 21470 | D:14     | Noticed a storm dragon
 21492 | D:14     | Killed a storm dragon
 21835 | D:14     | Reached skill level 1 in Evocations
 21938 | D:14     | Found a gate to the Vaults.
 22244 | D:15     | Entered Level 15 of the Dungeon
 22473 | D:15     | Found a staircase to the Depths.
 23599 | Lair:3   | Bought a lightning rod (4/4) for 510 gold pieces
 23599 | Lair:3   | Bought a tin of tremorstones (2/2) for 680 gold pieces
 23601 | Spider:1 | Entered Level 1 of the Spider Nest
 23717 | Spider:1 | Reached skill level 17 in Fighting
 23995 | Spider:1 | Reached XP level 16. HP: 99/112 MP: 16/16
 24035 | Spider:1 | Reached skill level 1 in Dodging
 25200 | Spider:2 | Reached skill level 5 in Evocations
 26746 | Spider:3 | Reached skill level 5 in Dodging
 27024 | Spider:3 | Reached skill level 18 in Fighting
 27154 | Spider:3 | HP: 3/116 [entropy weaver (9)]
 27451 | Spider:4 | Entered Level 4 of the Spider Nest
 27587 | Spider:4 | Reached XP level 17. HP: 104/120 MP: 5/17
 27731 | Spider:4 | Reached skill level 19 in Fighting
 28254 | Shoals:1 | Entered Level 1 of the Shoals
 28427 | Shoals:1 | Found Xuazum's Antique Armour Shoppe.
 28438 | Shoals:1 | Bought a glowing scarf for 312 gold pieces
 28438 | Shoals:1 | Bought a pair of runed gloves for 292 gold pieces
 28438 | Shoals:1 | Bought a runed helmet for 292 gold pieces
 28465 | Shoals:1 | Found Minir's Magic Scroll Boutique.
 28598 | Shoals:1 | Found Ustiliob's Armour Emporium.
 28848 | Shoals:1 | Found Ychew's Jewellery Shoppe.
 28861 | Shoals:1 | Reached skill level 20 in Fighting
 29079 | Shoals:2 | Noticed a kraken
 29099 | Shoals:2 | Killed a kraken
 29176 | Shoals:2 | Identified the +7 ring mail of Pandemonium {Stlth+}
 29993 | Abyss:3  | Found a corrupted altar of Lugonu.
 29993 | Abyss:3  | Cast into level 3 of the Abyss (merfolk impaler)
 30035 | Abyss:3  | Noticed a bone dragon
 30182 | Abyss:3  | Found a corrupted altar of Lugonu.
 30208 | Abyss:3  | Noticed a tentacled monstrosity
 30301 | Abyss:3  | Noticed a tentacled starspawn
 30309 | Abyss:3  | Killed a tentacled starspawn
 30351 | Abyss:4  | Noticed a lich
 30359 | Abyss:4  | Noticed an ancient lich
 30360 | Abyss:4  | Noticed a lich
 30391 | Abyss:4  | Killed an ancient lich
 30392 | Abyss:4  | Reached skill level 21 in Fighting
 30404 | Abyss:4  | Blown up by a lich

Illustrated notes

Levels and vault maps discovered:
D:1:      evilmike_arrival_home_sweet_home, layout_loops_ring,
          serial_bayou_pond_d
D:2:      layout_basic, nicolae_ecumenical_oubliette, minmay_octomino_e4,
          uniq_terence, uniq_robin
D:3:      layout_loops_ring, nicolae_overflow_hidden_temple, serial_shops,
          nicolae_shop_tiny_waterfront, shop, shop, shop
D:4:      layout_loops_ring, kennysheep_mini_moat, serial_co_window_serial,
          co_window_corner_a, co_window_paths_b, co_window_paths_a,
          co_window_paths_a, co_window_corner_a, co_window_paths_a,
          co_window_paths_b, co_window_corner_cb, co_window_corner_cb,
          co_window_corner_ca, co_window_broadway_c, co_window_4corner_a,
          co_window_paths_d, glass_columns_c, glass_columns_a
D:5:      layout_loops_ring, minmay_temple_entry_mini_moons, enter_ossuary_3
D:6:      layout_cave_pools, kennysheep_slug_shrine,
          mainiacjoe_overflow_concentric_impassable, zin_purify
D:7:      layout_rooms
D:8:      layout_rooms, gammafunk_temple_overflow_arena,
          hellmonk_guarded_unrand_vitality_bloodlust
D:9:      layout_long_grid, grunt_temple_overflow_champion_of_chaos,
          enter_bailey_5, uniq_maurice, uniq_gastronok
D:10:     gammafunk_jiyva_shrine, layout_grid_maze, mainiacjoe_overflow_catwalk,
          erik_lair_orcish_takeover, orc_0_dummy, serial_shops, shop,
          nicolae_shop_real_fake_doors, shop_fountains, kennysheep_mini,
          uniq_harold
D:11:     layout_loops_corners, grunt_gozag_statues, uniq_fannar
D:12:     layout_gridville, portal_ice_cave_entry_ice_simulacra,
          ebering_ghost_inner_flame, gauntlet_entry_generic
D:13:     layout_grid_maze, serial_shops, shop_fountains, shop,
          nicolae_shop_rolled_up, nicolae_lakefront_shop
D:14:     minmay_octo_star, layout_irregular_city, david_vaults_4
D:15:     grunt_enter_depths_hoard, layout_layer_cave,
          chequers_serial_rivers_room_a
Temple:   minmay_temple_curvy_loop
Lair:1:   layout_cave_pods, serial_forest, infiniplex_forest_zigzag_1,
          infiniplex_forest_straight_1, infiniplex_forest_end_2,
          infiniplex_forest_clump_curved, infiniplex_forest_end_2,
          infiniplex_forest_zigzag_2, infiniplex_forest_lined_room_2,
          hellmonk_guarded_unrand_zhor, grunt_megastairs_2
Lair:2:   layout_layer_cave, pdpol_lair_cavern_descent
Lair:3:   layout_cave_pods, minmay_shoals_entry_hut,
          nicolae_spider_entry_lesser_pyramids, pond, serial_bayou_shore_b,
          serial_bayou_shore_a, serial_bayou_shore_b, lemuel_fruit_tree,
          uniq_amaemon, uniq_josephine, uniq_sonja
Lair:4:   layout_gridlike, slime_entry_1, minmay_holes, minivault_26,
          serial_bayou_shore_b
Lair:5:   due_jungle_book, layout_gridlike, uniq_kirke
Shoals:1: layout_shoals, serial_shops, shop, nicolae_shop_hallway_stairs, shop,
          shop
Shoals:2: layout_shoals
Shoals:3: layout_shoals, serial_shops, shop_statue,
          nicolae_shop_window_shopping, shop, shop
Spider:1: layout_chambers, drop_trap, einodemon_crawler_minivault
Spider:2: layout_spider_delve, hive_lemuel
Spider:3: nicolae_spider_hilbert_zone_2 [nicolae_spider_hilbert_4_sides_1_open,
          nicolae_spider_hilbert_4_sides_1_open,
          nicolae_spider_hilbert_4_sides_1_open,
          nicolae_spider_hilbert_4_sides_1_open,
          nicolae_spider_hilbert_6_sides_1_open,
          nicolae_spider_hilbert_6_sides_1_open,
          nicolae_spider_hilbert_3_sides_1_open,
          nicolae_spider_hilbert_3_sides_1_open,
          nicolae_spider_hilbert_3_sides_1_open,
          nicolae_spider_hilbert_3_sides_1_open,
          nicolae_spider_hilbert_6_sides_1_open,
          nicolae_spider_hilbert_6_sides_1_open,
          nicolae_spider_hilbert_6_sides_1_open,
          nicolae_spider_hilbert_6_sides_1_open]
Spider:4: grunt_spider_rune_parallel
Abyss:4:  base: D:7, due_evilmike_abyss_rune_seething_liches, minivault_13

Skill      XL: |  1  2  3  4  5  6  7  8  9 10 11 12 13 14 15 16 17 |
---------------+----------------------------------------------------+-----
Maces & Flails | 3 4 5 6 8 11 12 13 15 16 | 16.0
Fighting       | 5 7 8 11 14 17 18 21 | 21.1
Armour         | 4 6 8 10 12 13 | 13.4
Shields        | 4 7 9 12 13 | 13.7
Evocations     | 4 7 |  7.0
Dodging        | 5 |  5.0

Action                     |  1- 3 |  4- 6 |  7- 9 | 10-12 | 13-15 | 16-18 || total
---------------------------+-------+-------+-------+-------+-------+-------++-------
  Melee: Flail             |    69 |   120 |       |       |       |       ||   189
         Morningstar       |       |    95 |   452 |   428 |   947 |  1026 ||  2948
 Invoke: Call Merchant     |       |       |       |       |     1 |       ||     1
         Potion Petition   |       |       |       |       |       |     3 ||     3
  Evoke: Lightning rod     |       |       |       |       |       |     2 ||     2
         Tin of tremorston |       |       |       |       |       |     2 ||     2
         Phial of floods   |       |       |       |       |       |     1 ||     1
         Wand              |       |       |       |       |       |     2 ||     2
    Use: Scroll            |     3 |     5 |     8 |     9 |     9 |    14 ||    48
         Potion            |       |     2 |       |     2 |       |     5 ||     9
   Stab: Petrified         |       |       |       |       |     3 |       ||     3
         Distracted        |       |       |       |       |     1 |     3 ||     4
 Armour: Scale mail        |    51 |    81 |       |       |       |       ||   132
         Chain mail        |       |    97 |       |       |       |       ||    97
         Plate armour      |       |    11 |   485 |   285 |   504 |   649 ||  1934
  Dodge: Dodged            |    32 |    77 |   155 |   219 |   285 |   441 ||  1209
  Block: Buckler           |    15 |    38 |   108 |    45 |     8 |       ||   214
         Tower shield      |       |       |       |   198 |   772 |  1250 ||  2220
         Reflection        |       |       |       |       |     1 |       ||     1
